AoeStats
← Preston

Arabia

510240580Analyzed
1v1 RM · 12h ago on Sep 30, 2026· 49m 14s· 2 players
Game mode
Random Map
Map size
Tiny (2 player)
Population
200
Speed
Normal
Resources
Standard
Victory
Conquest
Starting age
Dark Age
Ending age
Imperial Age
RankedLock teamsTeams togetherTeam positionsShared explorationLock speedFull tech treeHidden civsTurbo modeCheats
Victory
Defeat
🇧🇷 Persians · Brazil
1302
+16
🇫🇷 Japanese · France
1306
-16
T0P_Obelisk
6:31 Loom
9:18 Feudal Age
20:28 Castle Age
18:50 Double-Bit Axe
19:22 Horse Collar
19:57 Bloodlines
19:55 Scale Barding Armor
20:11 Forging
21:18 Wheelbarrow
24:19 Husbandry
25:55 Gold Mining
28:11 Pikeman
30:28 Squires
30:30 Scale Mail Armor
30:38 Man-at-Arms
32:57 Long Swordsman
40:31 Imperial Age
38:17 Hand Cart
37:47 Town Watch
38:19 Chain Mail Armor
39:04 Iron Casting
41:44 Plate Mail Armor
41:03 Gambesons
42:21 Blast Furnace
41:39 Cavalier
43:41 Chain Barding Armor
44:07 Conscription
46:39 Chemistry
46:00 Ballistics
46:09 Halberdier
46:26 Light Cavalry
48:29 Town Patrol
49:10 Plate Barding Armor
48:34 Hussar
Preston
3:25 Loom
10:34 Feudal Age
11:04 Double-Bit Axe
11:06 Man-at-Arms
12:04 Arson
14:12 Horse Collar
21:29 Castle Age
20:03 Gold Mining
21:08 Scale Barding Armor
21:14 Forging
21:45 Bloodlines
22:26 Bow Saw
22:41 Husbandry
26:21 Wheelbarrow
25:31 Town Watch
26:10 Heavy Plow
26:26 Pikeman
27:23 Light Cavalry
31:18 Stone Mining
33:20 Fletching
35:04 Forging
34:56 Scale Mail Armor
35:24 Bodkin Arrow
38:15 Hand Cart
38:20 Squires
39:42 Gold Shaft Mining
43:11 Imperial Age
41:57 Chain Mail Armor
42:18 Iron Casting
43:27 Chain Barding Armor
44:27 Conscription
44:45 Plate Mail Armor
44:47 Ballistics
44:39 Masonry
44:24 Murder Holes
45:11 Hoardings
45:08 Block Printing
45:04 Fervor
45:14 Sanctity
45:04 Halberdier
45:13 Cavalier
47:16 Two-Man Saw
47:01 Long Swordsman
49:08 Blast Furnace
48:09 Bracer
47:50 Two-Handed Swordsman
49:07 Chain Barding Armor
49:50 Chemistry
48:31 Treadmill Crane
48:57 Siege Engineers
Connection lost

Rejoining the realm…

Still unreachable

The connection could not be restored.

Session expired

The server has moved on; the page needs a fresh start.